 Dungeon Crawl Stone Soup version 0.28.0-47-ge53b351184 (webtiles) character file.

Game seed: 9381933861849294257

7 halvedace the Shooter (level 1, 10/18 HPs)
             Began as a Minotaur Hunter on Apr 27, 2022.
             Quit the game on level 1 of the Dungeon.
             The game lasted 00:02:23 (104 turns).

halvedace the Shooter (Minotaur Hunter)              Turns: 104, Time: 00:02:23

Health: 10/18      AC:  3    Str: 16    XL:     1   Next: 91%
Magic:  0/0        EV: 11    Int:  8    God:
Gold:   4          SH:  0    Dex: 10    Spells: 0/0 levels left

rFire   . . .      SeeInvis .   b - +0 short sword
rCold   . . .      Faith    .   (no shield)
rNeg    . . .      Spirit   .   c - +0 leather armour
rPois   .          Reflect  .   (helmet restricted)
rElec   .          Harm     .   (no cloak)
rCorr   .          Rampage  .   (no gloves)
Will    .....                   (no boots)
Stlth   +.........              (no amulet)
HPRegen 0.06/turn               (no ring)
MPRegen 0.07/turn               (no ring)

@: no status effects
A: horns 2, retaliatory headbutt
a: no special abilities


You were on level 1 of the Dungeon.
You visited 1 branch of the dungeon, and saw 1 of its levels.

You collected 4 gold pieces.

Inventory:

Hand Weapons
 a - a +1 shortbow
 b - a +0 short sword (weapon)
 g - a +0 dagger
Missiles
 d - 18 arrows
Armour
 c - a +0 leather armour (worn)
Scrolls
 e - a scroll of magic mapping {unknown}
Potions
 f - a potion of curing {unknown}


   Skills:
 + Level 2.4 Fighting
 + Level 4.8 Bows
 + Level 2.2 Dodging
 + Level 0.7 Stealth


You couldn't memorise any spells.
You didn't know any spells.
Your spell library was empty.

Dungeon Overview and Level Annotations

Branches:
Dungeon (1/15)

Altars:


Innate Abilities, Weirdness & Mutations

You have a pair of horns on your head.
You reflexively headbutt those who attack you in melee.


Message History

The kobold is moderately wounded.
The kobold closely misses you. The kobold hits you but does no damage.
You barely miss the kobold.
The kobold is moderately wounded.
The kobold barely misses you.
You clumsily bash the kobold but do no damage.
The kobold is moderately wounded.
The kobold barely misses you. x2
You clumsily bash the kobold but do no damage.
The kobold is moderately wounded.
The kobold barely misses you. You furiously retaliate!
You headbutt the kobold.
You clumsily bash the kobold but do no damage.
The kobold is heavily wounded.
The kobold closely misses you. You furiously retaliate!
You headbutt the kobold.
You kill the kobold!
You see here a +0 dagger.
g - a +0 dagger
b - a +0 short sword (weapon)
A quokka comes into view.
Found a scroll labelled MUCOWUO EGIKURCHA.
A frilled lizard comes into view.
The frilled lizard hisses angrily.
You hit the quokka. Your headbutt misses the quokka.
The quokka is moderately wounded.
The quokka bites you.
You hit the quokka but do no damage.
The quokka is moderately wounded.
The quokka closely misses you.
You barely miss the quokka.
The quokka is moderately wounded.
The quokka barely misses you.
The quokka bites you but does no damage.
You hit the quokka.
The quokka is severely wounded.
The quokka barely misses you. You furiously retaliate!
You headbutt the quokka!
You kill the quokka!
Unknown command.
Unknown command.
Are you sure you want to abandon this character and quit the game? (Confirm with "yes".)

.. ####. ## #.... .
#... .## ###### ###..#
#.# #..... ..l.# #.#
#.#### ..#####..##
##.####.####
#.....@..###.......##..
#.####.......#######...
##.#..### #...#.
#?#.....# #.#...
#.#......# # ##.#
#........... #.#
.........### #.#
##.#.....######.#
#.#.#.#.........


You could see a frilled lizard.

Vanquished Creatures
  A dart slug (D:1)
  A kobold (D:1)
  2 quokkas (D:1)
  A frilled lizard (D:1)
5 creatures vanquished.

Notes
Turn   | Place    | Note
-------+----------+-------------------------------------------
     0 | D:1      | halvedace the Minotaur Hunter began the quest for the Orb.
     0 | D:1      | Reached XP level 1. HP: 18/18 MP: 0/0
   104 | D:1      | Quit the game

Illustrated notes

Levels and vault maps discovered:
D:1:      heliophobic_arrival_enchanted_forest, layout_loops_ring,
          hellmonk_ecumenical_altar_leap_of_faith

Action                   || total
-------------------------++-------
Melee: Shortbow          ||     7
       Short sword       ||     4
 Fire: Shortbow          ||     7
Armor: Leather armour    ||     4
Dodge: Dodged            ||    13
